AoeStats
← Der Sprudel

Lombardia

508387293Analyzed
3v3 RM · 10d ago on Sep 22, 2026· 20m 2s· 6 players
Game mode
Random Map
Map size
Normal (6 player)
Population
200
Speed
Normal
Resources
Standard
Victory
Conquest
Starting age
Dark Age
Ending age
Imperial Age
RankedLock teamsTeams togetherTeam positionsShared explorationLock speedFull tech treeHidden civsTurbo modeCheats
Victory
Defeat
🇳🇿 Britons · New Zealand
1391
+11
🇺🇸 Hindustanis · United States
1389
+11
🇺🇸 Burgundians · United States
1215
+19
🇩🇪 Britons · Germany
1320
-15
🇩🇪 Ethiopians · Germany
1288
-14
🇩🇪 Persians · Germany
1234
-12
Der Sprudel
6:28 Loom
8:40 Feudal Age
10:33 Double-Bit Axe
13:16 Horse Collar
Eule_Keule
6:39 Loom
9:52 Feudal Age
11:16 Double-Bit Axe
12:28 Wheelbarrow
16:16 Fletching
16:31 Padded Archer Armor
17:48 Horse Collar
KickersEmden_AoE
6:52 Loom
10:14 Feudal Age
10:56 Double-Bit Axe
15:26 Fletching
19:16 Wheelbarrow
DEMLOUDBOYZ
8:54 Feudal Age
9:34 Double-Bit Axe
11:18 Loom
14:47 Scale Barding Armor
15:47 Forging
18:11 Bloodlines
19:35 Wheelbarrow
petey_hs
10:35 Feudal Age
11:43 Horse Collar
11:56 Double-Bit Axe
13:05 Bow Saw
13:26 Heavy Plow
16:20 Scale Barding Armor
20:10 Castle Age
20:28 Wheelbarrow
19:38 Loom
20:06 Forging
19:46 Fletching
Not Ben
9:04 Loom
10:55 Feudal Age
16:06 Castle Age
15:28 Fletching
16:15 Double-Bit Axe
16:15 Horse Collar
17:36 Crossbowman
Connection lost

Rejoining the realm…

Still unreachable

The connection could not be restored.

Session expired

The server has moved on; the page needs a fresh start.